 Dungeon Crawl Stone Soup version 0.29.1-1-gd02db6906a (webtiles) character file.

Game seed: 3935743941483136957

139 raistware the Conjurer (level 5, 0/31 HPs)
             Began as an Octopode Conjurer on Oct 7, 2022.
             Slain by a kobold brigand
             ... wielding a +0 short sword
              (3 damage)
             ... on level 4 of the Dungeon.
             The game lasted 00:06:03 (3549 turns).

raistware the Conjurer (Octopode Conjurer)          Turns: 3549, Time: 00:06:03

Health: 0/31       AC:  1    Str:  7    XL:     5   Next: 22%
Magic:  11/11      EV: 13    Int: 28    God:
Gold:   146        SH:  0    Dex: 10    Spells: 7/12 levels left

rFire   . . .      SeeInvis .   b - +2 dagger (venom)
rCold   . . .      Faith    .   (no shield)
rNeg    . . .      Spirit   .   (helmet restricted)
rPois   .          Reflect  .   (no amulet)
rElec   .          Harm     .   l - +6 ring of intelligence
rCorr   .          Rampage  .   p - ring of willpower
Will    +....                   (no ring)
Stlth   +++.......              (no ring)
HPRegen 0.10/turn               (no ring)
MPRegen 0.12/turn               (no ring)
                                (no ring)
                                (no ring)

@: no status effects
A: almost no armour, amphibious, 8 rings, camouflage 1, gelatinous body 1,
(nimble swimmer 1), tentacles
a: no special abilities


You were on level 4 of the Dungeon.
You visited 1 branch of the dungeon, and saw 4 of its levels.

You collected 146 gold pieces.

Inventory:

Hand Weapons
 b - a +2 dagger of venom (weapon)
Armour
 u - an orb of guile
Magical Staves
 f - a staff of earth
Jewellery
 l - a +6 ring of intelligence (left tentacle)
 p - a ring of willpower (right tentacle)
Scrolls
 c - 2 scrolls of amnesia {unknown}
 g - 3 scrolls of identify {unknown}
 i - a scroll of vulnerability {unknown}
 k - a scroll of teleportation {unknown}
 n - a scroll of enchant weapon {unknown}
 o - a scroll of fear {unknown}
 q - a scroll of butterflies {unknown}
 r - a scroll of noise {unknown}
 t - 3 scrolls of enchant armour {unknown}
 v - a scroll of magic mapping {unknown}
Potions
 a - 3 potions of magic
 d - 5 potions of haste {unknown}
 e - a potion of degeneration {unknown}
 h - a potion of attraction {unknown}
 j - 2 potions of flight {unknown}
 m - a potion of invisibility {unknown}
 s - 2 potions of heal wounds {unknown}
 w - 3 potions of curing {unknown}
 x - a potion of lignification {unknown}


   Skills:
 - Level 2.0 Dodging
 - Level 2.6 Stealth
 - Level 4.0 Spellcasting
 + Level 4.4 Conjurations
 - Level 2.0 Translocations


You had 7 spell levels left.
You knew the following spells:

 Your Spells              Type           Power      Damage    Failure   Level
a - Magic Dart            Conj           100%       1d8       1%          1
b - Iskenderun's Mystic   Conj/Tloc      23%        2d6       21%         4

Your spell library contained the following spells:

 Spells                   Type           Power      Damage    Failure   Level
 Searing Ray              Conj           60%        2d6       1%          2
 Dazzling Flash           Conj/Hex       36%        N/A       9%          3
 Gell's Gravitas          Tloc           16%        N/A       10%         3
 Teleport Other           Tloc           16%        N/A       10%         3
 Ozocubu's Armour         Ice            5%         N/A       22%         3
 Fulminant Prism          Conj/Hex       9%         3d7       30%         4
 Metabolic Englaciation   Hex/Ice        2%         N/A       90%         5
 Dispersal                Tloc           8%         N/A       99%         6
 Simulacrum               Ice/Necr       2%         N/A       100%        6


Dungeon Overview and Level Annotations

Branches:
Dungeon (4/15)
 Temple: D:4-7

Altars:
Wu Jian

Shops:
D:2 [


Innate Abilities, Weirdness & Mutations

You cannot wear most types of armour.
You are amphibious.
You can wear up to eight rings at the same time.
Your skin changes colour to match your surroundings (Stealth+).
Your rubbery body absorbs attacks. (AC +1, EV +1)
((You are camouflaged when in or above water. (Stealth+)))
You have tentacles for arms and can constrict up to eight enemies at once.


Message History

You constrict the gnoll, but do no damage.
The gnoll hits you with a +0 spear.
You hit the gnoll but do no damage.
The gnoll is poisoned.
The gnoll is almost dead.
You constrict the gnoll, but do no damage.
The gnoll hits you with a +0 spear.
You hit the gnoll.
You kill the gnoll!
Training target 2.0 for Translocations reached!
Your Translocations skill increases to level 2!
There is an open door here.
You start resting.
HP restored.
The kobold brigand shouts!
Found a hand axe.
The kobold brigand closely misses you.
You barely miss the kobold brigand. You grab the kobold brigand.
You constrict the kobold brigand, but do no damage.
The kobold brigand hits you with a +0 short sword.
You hit the kobold brigand but do no damage.
The kobold brigand is poisoned.
You tentacle-slap the kobold brigand, but do no damage.
You constrict the kobold brigand, but do no damage.
The kobold brigand hits you with a +0 short sword!
You hit the kobold brigand.
The kobold brigand looks as sick as possible!
The kobold brigand is lightly wounded.
You constrict the kobold brigand.
The kobold brigand hits you with a +0 short sword!
You hit the kobold brigand but do no damage.
The kobold brigand looks as sick as possible!
The kobold brigand is moderately wounded.
You constrict the kobold brigand.
The kobold brigand hits you with a +0 short sword!
* * * LOW HITPOINT WARNING * * *
You hit the kobold brigand but do no damage.
The kobold brigand looks as sick as possible!
The kobold brigand is severely wounded.
You constrict the kobold brigand.
The kobold brigand hits you with a +0 short sword.
You die...

###### ############
#....# ).#........
#....# .'........
#....#########.......
......#......)..K#
......'.........@#
....).#.........)#####
#....#########)........
#.^..# K.....'.........
#....# ......#.........
##''###################
~...).~≈≈≈≈≈≈
~.....~≈≈≈≈≈~
.(((..~≈~~~~~


You could see a kobold brigand (extremely poisoned).

Vanquished Creatures
  2 adders
  2 gnolls (D:4)
  4 worms
  4 dart slugs
  4 orcs
  7 ball pythons
  7 bats
  7 endoplasms
  A giant cockroach (D:1)
  4 goblins
  5 hobgoblins
  4 jackals (D:1)
  13 kobolds
  2 quokkas
  A frilled lizard (D:1)
  6 rats
73 creatures vanquished.

Notes
Turn   | Place    | Note
-------+----------+-------------------------------------------
     0 | D:1      | raistware the Octopode Conjurer began the quest for the
                  | Orb.
     0 | D:1      | Reached XP level 1. HP: 11/11 MP: 3/3
   136 | D:1      | Reached XP level 2. HP: 12/17 MP: 1/5
   524 | D:1      | Reached XP level 3. HP: 21/21 MP: 3/7
  1284 | D:2      | Reached XP level 4. HP: 27/27 MP: 9/9
  1289 | D:2      | Learned a level 4 spell: Iskenderun's Mystic Blast
  1331 | D:2      | Found Largh's Armour Boutique.
  2075 | D:3      | Found an ornate altar of the Wu Jian Council.
  2308 | D:3      | Reached skill level 1 in Translocations
  3207 | D:4      | Reached XP level 5. HP: 31/31 MP: 11/11
  3326 | D:4      | Noticed a kobold brigand
  3549 | D:4      | Slain by a kobold brigand

Illustrated notes

Levels and vault maps discovered:
D:1:      amcnicky_arrival_choice, layout_rooms, nicolae_wormholes
D:2:      layout_basic, serial_shops, nicolae_diamond_shop
D:3:      layout_basic, pdpol_wu_jian_five_deadly_venoms, minmay_hedge_maze
D:4:      minmay_goblin_kobold_castle, layout_loops_ring,
          mainiacjoe_overflow_24_doors, nicolae_overflow_hidden_temple

Skill      XL: |  1  2  3  4  5 |
---------------+----------------+-----
Spellcasting   | 3 4 |  4.0
Translocations | 1 2 |  2.0
Dodging        | |  2.0
Stealth        | |  2.6
Conjurations   | |  4.4

Action                   |  1- 3 |  4- 6 || total
-------------------------+-------+-------++-------
Melee: Unarmed           |     4 |       ||     4
       Dagger            |    15 |    44 ||    59
       Constrict         |     7 |    12 ||    19
       Tentacles         |     3 |    11 ||    14
       Punch             |       |     2 ||     2
 Cast: Magic Dart        |    60 |    27 ||    87
 Stab: Sleeping          |     3 |     6 ||     9
Armor: Skin              |     1 |     4 ||     5
Dodge: Dodged            |    11 |    27 ||    38
